 Dungeon Crawl Stone Soup version 0.23-a0-321-g6bcb69f (webtiles) character file.

42 Amnesiac the Digger (level 3, -9/15 HPs)
             Began as a Felid Earth Elementalist on Oct 15, 2018.
             Mangled by Terence
             ... wielding a +0 flail
              (10 damage)
             ... while paralysed
             ... on level 3 of the Dungeon.
             The game lasted 00:03:54 (1282 turns).

Amnesiac the Digger (Felid Earth Elementalist)      Turns: 1282, Time: 00:03:55

Health: -9/15      AC:  1    Str:  0    XL:     3   Next: 35%
Magic:  1/7        EV:  4    Int: 17    God:
Gold:   28         SH:  0    Dex: 16    Spells: 0/6 levels left
                                        Lives:  0   Deaths: 0

rFire    . . .     SeeInvis +     - Unarmed
rCold    . . .     Gourm    .   (shield unavailable)
rNeg     . . .     Faith    .   (armour unavailable)
rPois    .         Spirit   .   (helmet unavailable)
rElec    .         Reflect  .   (cloak unavailable)
rCorr    .         Harm     .   (gloves unavailable)
MR       .....                  (boots unavailable)
Stlth    +++.......             (no amulet)
HPRegen  0.01/turn              (no ring)
MPRegen  0.10/turn              (no ring)

@: paralysed, lethally poisoned (-9 -> -22), slowed, lost strength, quick
A: very small, no armour, no weapons or thrown items, stealth, claws 1, fangs 3,
see invisible, carnivore, speed 1, robust 1, shaggy fur 1, slow metabolism 1,
weak 2, sharp paws
a: no special abilities


You were on level 3 of the Dungeon.
You were very full.

You visited 1 branch of the dungeon, and saw 3 of its levels.

You collected 28 gold pieces.

Inventory:

Missiles
 b - 48 stones
Scrolls
 a - a scroll of teleportation {!r, unknown}
 d - 3 scrolls of identify {!r, unknown}
 g - a scroll of remove curse {!r, unknown}
 i - 2 scrolls of amnesia {!r, unknown}
Potions
 f - a potion of brilliance {!q, unknown}
Comestibles
 c - a ration


   Skills:
 - Level 2.6 Dodging
 - Level 3.0 Stealth
 + Level 1.4 Unarmed Combat
 - Level 2.0 Spellcasting
 - Level 1.1 Transmutations
 * Level 3.6 Earth Magic


You couldn't memorise any spells.
You knew the following spells:

 Your Spells              Type           Power        Failure   Level  Hunger
a - Sandblast             Erth           ##....       4%          1    #......
b - Passwall              Tmut/Erth      #.......     11%         2    ###....
c - Stone Arrow           Conj/Erth      #.....       28%         3    ###....

Your spell library contained the following spells:

 Spells                   Type           Power        Failure   Level  Hunger
 Petrify                  Tmut/Erth      #.......     58%         4    #####..
 Lee's Rapid Deconstruct  Erth           ##........   77%         5    ######.


Dungeon Overview and Level Annotations

Branches:
Dungeon (3/15)

Altars:

Annotations:
D:3 Terence


Innate Abilities, Weirdness & Mutations

You cannot wear armour.
You are incapable of wielding weapons or throwing items.
Your paws allow you to move quietly. (Stealth)
You have sharp claws.
You have razor-sharp teeth.
You have supernaturally acute eyesight. (SInv)
You are carnivorous and can eat meat at any time.
You cover ground quickly.
You are covered in fur. (AC +1)
You have a slow metabolism.
Your sharp claws are effective at attacking unaware monsters.
You are robust. (+10% HP)
You are very weak. (Str -4)


Message History

Confirm with . or Enter, or press ? or * to list all spells.
Aiming: Sandblast (safe; 4% risk of failure)
Press: ? - help, Shift-Dir - straight line, f/p - Terence
Aim: Terence, wielding a +0 flail and wearing a +0 chain mail (moderately The blast of sand hits Terence.
Terence is moderately wounded.
b - 48 stones
* * * LOW HITPOINT WARNING * * *
You feel sick. Terence barely misses you.
Casting: Sandblast (safe; 4% risk of failure)
Confirm with . or Enter, or press ? or * to list all spells.
You don't have enough magic to cast that spell.
Casting: Sandblast (safe; 4% risk of failure)
Confirm with . or Enter, or press ? or * to list all spells.
You don't have enough magic to cast that spell.
Casting: Sandblast (safe; 4% risk of failure)
Confirm with . or Enter, or press ? or * to list all spells.
You don't have enough magic to cast that spell.
Casting: Sandblast (safe; 4% risk of failure)
Confirm with . or Enter, or press ? or * to list all spells.
You don't have enough magic to cast that spell.
Casting: Sandblast (safe; 4% risk of failure)
Confirm with . or Enter, or press ? or * to list all spells.
You don't have enough magic to cast that spell.
Casting: Sandblast (safe; 4% risk of failure)
Confirm with . or Enter, or press ? or * to list all spells.
You don't have enough magic to cast that spell.
Casting: Sandblast (safe; 4% risk of failure)
Confirm with . or Enter, or press ? or * to list all spells.
You don't have enough magic to cast that spell.
Casting: Sandblast (safe; 4% risk of failure)
Confirm with . or Enter, or press ? or * to list all spells.
You don't have enough magic to cast that spell.
Casting: Sandblast (safe; 4% risk of failure)
Confirm with . or Enter, or press ? or * to list all spells.
You don't have enough magic to cast that spell.
Casting: Sandblast (safe; 4% risk of failure)
Confirm with . or Enter, or press ? or * to list all spells.
You don't have enough magic to cast that spell.
Casting: Sandblast (safe; 4% risk of failure)
Confirm with . or Enter, or press ? or * to list all spells.
You don't have enough magic to cast that spell.
Casting: Sandblast (safe; 4% risk of failure)
Confirm with . or Enter, or press ? or * to list all spells.
You don't have enough magic to cast that spell.
Casting: Sandblast (safe; 4% risk of failure)
Confirm with . or Enter, or press ? or * to list all spells.
You don't have enough magic to cast that spell.
You can't go up here!
You climb downwards.
There is a stone staircase leading up here.
* * * LOW HITPOINT WARNING * * *
You feel sick.
Really quaff
e - an inky potion {!q}?
It was a potion of mutation {!q}.
You feel extremely strange.
You feel weaker. x2
You have lost your strength.
You feel robust.
* * * LOW HITPOINT WARNING * * *
You feel sick. Terence barely misses you. x2
Terence hits you with a +0 flail!
Ouch! That really hurt!
You die...

#.# #.# #.#
####.######
#.........#####.. #
#.##.####<....... #.
#.##.####....####
###.###....@@...####
#........#.######
..#....#...#
(..#.......# ##
#.##.##.# #. #.##.#
# #....#########.#
###..##........#
.####..##<#####..#


You could see Terence.

Vanquished Creatures
  An adder (D:2)
  2 dart slugs (D:2)
  3 leopard geckos
  3 bats
  2 giant cockroaches
  4 goblins
  2 hobgoblins (D:2)
  2 jackals (D:2)
  A ball python (D:1)
  3 frilled lizards
  A kobold (D:1)
  2 rats
26 creatures vanquished.

Notes
Turn   | Place    | Note
-------+----------+-------------------------------------------
     0 | D:1      | Amnesiac the Felid Earth Elementalist began the quest for
                  | the Orb.
     0 | D:1      | Reached XP level 1. HP: 7/7 MP: 4/4
   453 | D:1      | Reached XP level 2. HP: 8/11 MP: 6/6
   457 | D:1      | Learned a level 2 spell: Passwall
   554 | D:2      | Noticed Terence
   601 | D:2      | Reached skill level 1 in Unarmed Combat
   901 | D:2      | Reached XP level 3. HP: 7/14 MP: 4/7
   911 | D:2      | Learned a level 3 spell: Stone Arrow
  1279 | D:3      | Gained mutation: You are weak. (Str -2) [potion of
                  | mutation]
  1279 | D:3      | Lost strength.
  1279 | D:3      | Gained mutation: You are very weak. (Str -4) [potion of
                  | mutation]
  1279 | D:3      | Gained mutation: You are robust. (+10% HP) [potion of
                  | mutation]
  1282 | D:3      | Mangled by Terence

Vault maps used:
D:1:      lordsloth_arrival_two_stooges
D:2:      uniq_crazy_yiuf_cottage, uniq_terence
D:3:      wad_woods_settlement, first_ration, chequers_garden,
          minmay_misc_feat_four_crosses

Skill      XL: |  1  2 |
---------------+-------+-----
Stealth        | 3 |  3.0
Earth Magic    | 3 |  3.6
Unarmed Combat | 1 |  1.4
Dodging        | |  2.6
Spellcasting   | |  2.0
Transmutations | |  1.1

Action                   || total
-------------------------++-------
Melee: Unarmed           ||    56
       Bite              ||     3
 Cast: Sandblast         ||    26
  Use: Potion            ||     1
 Stab: Sleeping          ||     4
  Eat: Chunk             ||     8
Armor: Skin              ||     4
Dodge: Dodged            ||    63

Table legend:
 A = Non-vault XP
 B = Vault XP
 C = Vault XP percentage of total XP
 D = Non-vault monster count
 E = Vault monster count
 F = Vault count percentage of total count
                 A         B        C        D         E       F
            +---------+---------+-------+---------+---------+-------
      Total |      61 |       0 |   0.0 |      26 |       0 |   0.0
            +---------+---------+-------+---------+---------+-------
        D:1 |      14 |       0 |   0.0 |       9 |       0 |   0.0
        D:2 |      47 |       0 |   0.0 |      17 |       0 |   0.0
            +---------+---------+-------+---------+---------+-------
